 Dungeon Crawl Stone Soup version 0.30.1-4-g462c640d31 (webtiles) character file.

Game seed: 17188631805576978231

149 Diggabert the Cudgeller (level 5, -3/42 HPs)
             Began as a Human Monk on Aug 12, 2023.
             Killed by nerve-wracking pain
             ... invoked by Jessica
              (8 damage)
             ... on level 3 of the Dungeon.
             The game lasted 00:05:02 (3087 turns).

Diggabert the Cudgeller (Human Monk)                Turns: 3087, Time: 00:05:03

Health: -3/42      AC: 10    Str: 13    XL:     5   Next: 57%
Magic:  5/5        EV:  3    Int: 11    God:
Gold:   209        SH:  3    Dex: 15    Spells: 4/4 levels left

rFire   . . .        a - +0 mace
rCold   . . .        c - +0 buckler
rNeg    . . .        k - +0 plate armour
rPois   .            (no helmet)
rElec   .            (no cloak)
rCorr   .            (no gloves)
SInv    .            (no boots)
Will    .....        (no amulet) Stlth
                     (no ring)
HPRegen 0.27/turn    (no ring)
MPRegen 0.09/turn

%: no passive effects
@: mighty
A: no striking features
a: no special abilities


You were on level 3 of the Dungeon.
You visited 1 branch of the dungeon, and saw 3 of its levels.

You collected 209 gold pieces.

Inventory:

Hand Weapons
 a - a +0 mace (weapon)
 q - a +0 spear
Missiles
 b - 5 javelins (quivered)
 j - 11 poisoned darts
 m - 3 boomerangs
Armour
 c - a +0 buckler (worn)
 d - an orb of light
 k - a +0 plate armour (worn)
Scrolls
 g - a scroll of poison {unknown}
 h - a scroll of immolation {unknown}
 l - a scroll of magic mapping {unknown}
 n - a scroll of fog {unknown}
 p - a scroll of enchant weapon {unknown}
Potions
 e - a potion of mutation
 f - a potion of resistance
 i - 3 potions of curing
 o - a potion of might
 r - a potion of brilliance {unknown}


   Skills:
 * Level 3.8 Fighting
 * Level 4.3 Maces & Flails
 * Level 1.7 Armour
 * Level 3.6 Dodging
 * Level 0.2 Shields


You had 4 spell levels left.
You didn't know any spells.
Your spell library was empty.

Dungeon Overview and Level Annotations

Branches:
Dungeon (3/15)

Altars:

Annotations:
D:3 Jessica


Message History

Jessica grins evilly.
Jessica points at you and mumbles some strange words.
Pain shoots through your body! Jessica hits you with a +0 club.
You are too injured to fight recklessly!
You are too injured to fight recklessly!
You are too injured to fight recklessly!
You are too injured to fight recklessly!
You hit Jessica.
Jessica is lightly wounded.
You block Jessica's attack.
You hit Jessica but do no damage.
Jessica is lightly wounded.
Jessica hits you with a +0 club. x2
You barely miss Jessica.
Jessica is lightly wounded.
Jessica gestures wildly while chanting.
Jessica seems to speed up.
You hit Jessica but do no damage.
Jessica is lightly wounded.
Jessica gestures at you while chanting. Pain shoots through your body!
* * * LOW HITPOINT WARNING * * *
Jessica shouts, "You are a ghastly nuisance!"
Jessica hits you but does no damage.
You feel very mighty all of a sudden. You block Jessica's attack.
You closely miss Jessica.
Jessica is lightly wounded.
Jessica hits you with a +0 club.
* * * LOW HITPOINT WARNING * * *
Jessica hits you but does no damage.
Unknown command.
You hit Jessica.
Jessica is moderately wounded.
Jessica gestures at you while chanting.
You barely resist. Jessica gestures at you while chanting.
Pain shoots through your body!
You die...

#
########.######.####
#.# #....# #.#
######.# ..#
#...##.# .# ###....#
## #.####### ..
#.......#
#####.########.#
......@@...# #.#
.....#####.###.# ###
#.....# #.##### #.#
###


You could see Jessica (fast).

Vanquished Creatures
  A kobold brigand (D:3)
  4 worms
  2 dart slugs
  4 endoplasms
  6 giant cockroaches (D:1)
  8 goblins
  6 hobgoblins
  A jackal (D:1)
  4 quokkas
  3 ball pythons (D:2)
  8 bats
  4 frilled lizards
  8 kobolds
  8 rats
67 creatures vanquished.

Notes
Turn   | Place    | Note
-------+----------+-------------------------------------------
     0 | D:1      | Diggabert the Human Monk began the quest for the Orb.
     0 | D:1      | Reached XP level 1. HP: 18/18 MP: 1/1
    59 | D:1      | Reached XP level 2. HP: 13/24 MP: 2/2
   287 | D:1      | Reached XP level 3. HP: 21/29 MP: 3/3
  1389 | D:2      | Reached XP level 4. HP: 35/35 MP: 4/4
  2139 | D:3      | Reached skill level 1 in Armour
  2205 | D:3      | Noticed a kobold brigand
  2224 | D:3      | Killed a kobold brigand
  2225 | D:3      | Reached skill level 4 in Maces & Flails
  2225 | D:3      | Reached XP level 5. HP: 2/42 MP: 5/5
  2225 | D:3      | HP: 2/42 [poisoned by a kobold brigand]
  3077 | D:3      | Noticed Jessica
  3087 | D:3      | Killed from afar by Jessica

Illustrated notes

Levels and vault maps discovered:
D:1:      saegor_arrival_simple_e, layout_loops_ring, minmay_small_reverse_x
D:2:      layout_basic, chequers_mini_garden, minmay_tripent
D:3:      cheibrodos_thug_alley, layout_basic, nicolae_hexahallways,
          uniq_jessica

Skill      XL: |  1  2  3  4 |
---------------+-------------+-----
Armour         | 1 |  1.7
Maces & Flails | 4 |  4.3
Fighting       | |  3.8
Dodging        | |  3.6
Shields        | |  0.2

Action                     |  1- 3 |  4- 6 || total
---------------------------+-------+-------++-------
  Melee: Mace              |   114 |    89 ||   203
  Throw: Javelin           |       |     4 ||     4
    Use: Potion            |       |     2 ||     2
         Scroll            |       |     4 ||     4
 Armour: Robe              |     3 |       ||     3
         Plate armour      |    41 |    62 ||   103
  Dodge: Dodged            |    44 |    17 ||    61
  Block: Buckler           |       |     6 ||     6
